Map: Overgrown Facility

Players

BinGe

  • Race: Zerg Zerg
  • Spawn Location: 9:00

MDI

  • Race: Protoss Protoss
  • Spawn Location: 7:00

PureLegacy - Winner!

  • Race: Terran Terran
  • Spawn Location: 3:00

Bakalavriat - Winner!

  • Race: Zerg Zerg
  • Spawn Location: 1:00

VOD

Have the link to the VOD?

Description

Time

  • Played on: Dec. 3, 2018, 12:10 a.m.
  • Length: 8:14
Show
View Real Time Build Order
Export as new Build Order

BinGe Zerg 

Build Orders: Pool First 

Get SALT Encoding   

  12  0:10  Drone x2  
  14  0:22  Overlord  
  14  0:37  Spawning Pool  
  14  0:40  Drone  
  14  0:43  Drone  
  14  0:47  Drone  
  16  0:56  Drone  
  17  1:04  Drone  
  18  1:24  Hatchery  
  17  1:26  Drone x2  
  19  1:46  Drone  
  20  1:47  Queen, Extractor x2  
  20  1:52  Spine Crawler  
  20  1:53  Zergling x2  
  20  1:57  Zergling x2  
  21  2:08  Drone  
  22  2:23  Overlord  
  22  2:35  Zergling x2  
  23  2:39  Queen, Zergling x2  
  26  2:48  Zergling x2  
  26  2:50  Metabolic Boost  
  27  2:52  Lair  
  27  2:55  Zergling x2  
  28  3:00  Zergling x2  
  28  3:04  Drone  
  30  3:08  Drone  
  31  3:21  Drone x3  
  31  3:25  Drone  
  35  3:34  Overlord  
  35  3:37  Drone  
  36  4:03  Drone x2  
  38  4:10  Hydralisk Den  
  38  4:12  Roach Warren  
  38  4:16  Drone x2  
  38  4:20  Drone x4  
  42  4:30  Drone  
  43  4:32  Evolution Chamber, Pneumatized Carapace  
  43  4:35  Zergling x2  
  43  4:38  Zergling x2  
  44  4:42  Muscular Augments  
  44  4:52  Spore Crawler x2  
  42  4:53  Glial Reconstitution  
  41  5:03  Zerg Missile Weapons Level 1  
  41  5:05  Roach  
  43  5:10  Overseer  
  43  5:24  Drone  
  43  5:26  Overlord x2  
  43  5:27  Overlord  
  44  5:39  Overlord x2  
  38  6:05  Roach  
  38  6:06  Roach x7  
  54  6:13  Lurker Den  
  57  6:18  Roach x3  
  43  6:42  Roach x2  
  43  6:43  Roach x4  
  51  6:59  Roach x4  
  51  7:00  Zergling x2  
  46  7:14  Zergling x4  
  39  7:26  Hatchery  
  39  7:28  Drone  
  39  7:29  Drone  
  40  7:36  Roach  
Show
View Real Time Build Order
Export as new Build Order

MDI Protoss 

Build Orders:  

Get SALT Encoding   

  1  0:00  Probe  
  12  0:06  Probe  
  14  0:16  Probe  
  15  0:25  Pylon  
  15  0:32  Assimilator  
  15  0:43  Probe  
  15  0:44  Gateway  
  16  0:55  Probe  
  17  1:07  Probe  
  18  1:21  Probe  
  18  1:33  Probe  
  18  1:38  Pylon  
  19  1:40  Cybernetics Core  
  19  1:44  Forge  
  19  1:48  Probe  
  19  1:51  Pylon  
  20  1:55  Assimilator  
  20  2:02  Probe  
  21  2:18  Photon Cannon  
  21  2:22  Photon Cannon, Stalker, Warp Gate  
  21  2:30  Photon Cannon  
  22  2:45  Probe  
  23  3:00  Stalker  
  25  3:07  Probe  
  26  3:27  Nexus  
  26  3:31  Probe  
  27  3:43  Pylon, Stargate  
  27  3:46  Probe  
  28  3:53  Pylon  
  28  4:00  Probe  
  29  4:12  Probe  
  29  4:13  Shield Battery  
  30  4:21  Photon Cannon, Void Ray  
  30  4:34  Probe  
  30  4:37  Probe  
  36  4:45  Probe  
  36  4:46  Probe  
  38  4:55  Probe  
  38  4:58  Probe  
  40  5:00  Photon Cannon  
  40  5:04  Void Ray  
  44  5:14  Probe x2  
  44  5:18  Pylon  
  46  5:21  Assimilator  
  46  5:26  Probe x2  
  48  5:38  Probe  
  48  5:41  Photon Cannon  
  49  5:44  Photon Cannon  
  49  5:47  Assimilator  
  49  5:52  Void Ray  
  53  6:10  Fleet Beacon, Probe  
  53  6:11  Pylon  
  53  6:13  Probe  
  55  6:18  Probe  
  56  6:25  Probe  
  56  6:26  Stargate  
  56  6:28  Probe  
  58  6:38  Probe  
  59  6:45  Carrier  
  59  6:59  Carrier  
  53  7:12  Zealot  
  61  7:33  Stalker  
Show
View Real Time Build Order
Export as new Build Order

PureLegacy Terran - Winner!

Build Orders: Reaper Expand 

Get SALT Encoding   

  12  0:01  SCV  
  13  0:13  SCV  
  14  0:20  Supply Depot  
  14  0:25  SCV  
  15  0:41  SCV  
  15  0:42  Barracks  
  16  0:46  Refinery  
  16  0:53  SCV  
  17  1:05  SCV  
  18  1:18  SCV  
  19  1:30  Orbital Command  
  19  1:31  Reaper  
  20  1:45  Command Center  
  20  1:56  SCV  
  20  1:57  Supply Depot  
  21  2:04  Barracks Reactor  
  21  2:08  SCV  
  21  2:15  Barracks  
  22  2:21  SCV  
  22  2:22  Barracks  
  23  2:36  SCV  
  24  2:40  Supply Depot  
  24  2:48  SCV  
  24  2:49  Marine x2  
  27  2:57  Refinery  
  27  2:59  Orbital Command  
  27  3:01  SCV  
  27  3:03  Barracks Tech Lab  
  28  3:07  Marine x2  
  28  3:09  Marine  
  31  3:14  SCV  
  32  3:22  Marine, Stimpack  
  32  3:26  SCV x2  
  35  3:28  Marine x3  
  38  3:36  Factory  
  38  3:38  SCV x2  
  40  3:46  Supply Depot  
  40  3:50  SCV  
  40  3:51  SCV  
  40  3:55  Marine x4  
  45  4:03  SCV x2  
  47  4:11  Supply Depot  
  47  4:15  Marine x2, SCV x2  
  47  4:16  Marine x2  
  53  4:22  Factory Reactor, Starport  
  53  4:27  SCV x2  
  55  4:37  Barracks Reactor  
  55  4:39  Barracks x2  
  55  4:41  Supply Depot  
  55  4:42  SCV  
  55  4:43  SCV  
  57  4:46  Refinery x2  
  57  4:47  Marine x2  
  57  4:49  Marine  
  60  4:55  SCV x2  
  62  5:06  Engineering Bay x2  
  62  5:07  Medivac x2  
  64  5:08  SCV  
  64  5:09  SCV  
  68  5:14  Supply Depot  
  68  5:25  SCV x2  
  68  5:27  Marine x4  
  74  5:28  Barracks Tech Lab, Barracks Reactor  
  74  5:29  Combat Shield  
  74  5:37  Supply Depot  
  74  5:40  Terran Infantry Armor Level 1, Terran Infantry Weapons Level 1  
  74  5:46  Marine  
  74  5:47  Marine x3  
  78  5:55  Concussive Shells  
  78  5:59  Marine  
  78  6:01  Marauder  
  81  6:05  Supply Depot  
  81  6:07  Supply Depot  
  81  6:10  Medivac x2, Armory  
  85  6:12  Marine x4  
  85  6:13  Marine  
  85  6:14  Marine  
  91  6:25  Marauder  
  93  6:27  Missile Turret, Marauder  
  93  6:28  Missile Turret  
  93  6:31  Supply Depot  
  91  6:42  Medivac x2  
  91  6:43  Marine x6  
  98  7:00  Marine  
  98  7:01  Marine x5, Marauder x2  
  107  7:09  Supply Depot  
  107  7:10  Supply Depot  
  101  7:23  Medivac x2, Marauder  
  101  7:24  Marine x6  
  111  7:36  Supply Depot  
  111  7:40  Marauder  
  119  8:09  Supply Depot  
Show
View Real Time Build Order
Export as new Build Order

Bakalavriat Zerg - Winner!

Build Orders: Pool First 

Get SALT Encoding   

  12  0:18  Drone  
  12  0:19  Drone  
  14  0:47  Overlord  
  14  1:02  Spawning Pool  
  13  1:11  Hatchery  
  12  1:14  Drone x2  
  12  1:15  Drone  
  15  1:19  Extractor  
  14  1:34  Drone  
  14  1:37  Drone  
  16  1:50  Drone  
  16  1:52  Queen  
  19  2:10  Drone  
  19  2:13  Zergling x2  
  21  2:21  Drone  
  22  2:28  Roach Warren  
  21  2:32  Zergling x2  
  21  2:36  Lair  
  22  2:41  Queen  
  24  3:00  Drone x3  
  27  3:11  Overlord x2  
  27  3:26  Drone  
  28  3:32  Zergling x6  
  31  3:35  Metabolic Boost  
  31  3:50  Extractor  
  30  3:56  Drone x5  
  35  4:05  Extractor  
  34  4:10  Extractor  
  34  4:14  Drone x2  
  34  4:15  Drone  
  36  4:18  Overlord x2  
  36  4:21  Pneumatized Carapace  
  36  4:47  Drone x3  
  36  4:48  Drone x3  
  42  4:54  Roach x4  
  42  4:55  Roach  
  52  5:12  Overseer  
  52  5:18  Overlord  
  52  5:19  Overlord x2  
  52  5:36  Hatchery  
  51  5:47  Drone x3  
  54  5:51  Drone x4  
  58  5:59  Lair  
  58  6:10  Roach  
  58  6:11  Roach x2  
  64  6:21  Hydralisk Den  
  63  6:38  Roach x4  
  71  6:43  Ravager x4  
  71  6:44  Ravager  
  76  6:49  Drone  
  76  6:53  Drone x5  
  82  7:01  Overlord  
  82  7:05  Overlord x2  
  82  7:19  Queen  
  82  7:21  Ravager x3  
  82  7:22  Ravager  
  88  7:37  Drone x3  
  88  7:38  Drone  
  92  7:44  Drone, Extractor  
  92  7:45  Drone x2  
  92  7:47  Extractor  
Tags
 
Add a new tag
Caveats
  • Supply blocks, unpowered buildings, or Contaminate may cause inaccurate times.
  • Supply counts are checked every 10 seconds.